 Dungeon Crawl Stone Soup version 0.32-a0-799-g95e1662365 (console) character file.

Game seed: 10779586848211567602

108648 jejorda2 the Blocker (level 16, 0/195 HPs)
             Began as a Gnoll Berserker on Mar 22, 2024.
             Was the Champion of Trog.
             Slain by a merfolk
             ... wielding a +0 trident
             ... led by a merfolk aquamancer
              (17 damage)
             ... on level 1 of the Shoals.
             The game lasted 00:59:08 (26120 turns).

jejorda2 the Blocker (Gnoll Berserker)             Turns: 26120, Time: 00:59:09

Health: 0/195      AC: 23    Str: 25    XL:     16   Next: 50%
Magic:  31/31      EV: 15    Int: 17    God:    Trog [******]
Gold:   1743       SH: 14    Dex: 21    Spells: 37/37 levels left

rFire   . . .        a - +11 spear {freeze, rF- rC++ Str+2 Int+8}
rCold   + + .        F - +0 kite shield
rNeg    . . .        w - +3 chain mail {rPois}
rPois   +            E - +0 helmet "Poirghuc" {-Tele Int+2 Dex+8}
rElec   .            z - +0 cloak
rCorr   .            q - +0 pair of gloves
SInv    .            o - +2 pair of boots
Will    +++..        x - amulet of faith Stlth
                     M - ring of protection from fire
HPRegen 1.52/turn    P - ring of flight
MPRegen 0.22/turn

%: no teleportation, faith
@: berserking (expiring), strong-willed, flying, regenerating, studying Shields,
very quick
A: fangs 1, strong nose, distributed training
a: Renounce Religion, Berserk, Trog's Hand, Brothers in Arms


You were on level 1 of the Shoals.
You worshipped Trog.
Trog was exalted by your worship.
You visited 4 branches of the dungeon, and saw 23 of its levels.
You also visited: Ice Cave.

You collected 2868 gold pieces.
You spent 1125 gold pieces at shops.

Inventory:

Hand Weapons
 a - the +11 spear of Pain and Death (weapon) {freeze, rF- rC++ Str+2 Int+8}
   (You found it on level 6 of the Dungeon)

   Str+2:     It affects your strength (+2).
   Int+8:     It affects your intelligence (+8).
   rF-:       It makes you vulnerable to fire.
   rC++:      It greatly protects you from cold.
 b - a +5 heavy trident
 I - the +9 executioner's axe of Luero {antimagic, rF+ Str+5}
   (Trog gifted it to you on level 2 of the Lair of Beasts)

   Str+5:     It affects your strength (+5).
   rF+:       It protects you from fire.
Missiles
 d - 27 poisoned darts
 k - 18 boomerangs (quivered)
 v - 2 throwing nets
Armour
 o - a +2 pair of boots (worn)
 q - a +0 pair of gloves (worn)
 w - a +3 chain mail of poison resistance (worn)
 z - a +0 cloak (worn)
 E - the +0 helmet "Poirghuc" (worn) {-Tele Int+2 Dex+8}
   (You found it on level 8 of the Dungeon)

   Int+2:     It affects your intelligence (+2).
   Dex+8:     It affects your dexterity (+8).
   -Tele:     It prevents most forms of teleportation.
 F - a +0 kite shield (worn)
 K - the +4 plate armour of Compassion {rElec rCorr}
   (You found it on level 3 of the Lair of Beasts)

   rElec:     It insulates you from electricity.
   rCorr:     It protects you from acid and corrosion.
Jewellery
 x - an amulet of faith (around neck)
 M - a ring of protection from fire (left hand)
 P - a ring of flight (right hand)
Wands
 l - a wand of polymorph (14)
 n - a wand of acid (19)
 y - a wand of paralysis (28)
 A - a wand of roots (17)
 C - a wand of flame (55)
 D - a wand of mindburst (12)
Scrolls
 c - 5 scrolls of blinking
 f - 10 scrolls of teleportation
 h - 2 scrolls of fog
 r - 4 scrolls of fear
 s - 6 scrolls of immolation
 t - 4 scrolls of revelation
 B - 3 scrolls of identify
Potions
 e - 6 potions of attraction
 g - 4 potions of curing
 i - 5 potions of enlightenment
 j - a potion of lignification
 m - 2 potions of resistance
 p - 5 potions of ambrosia
 G - 2 potions of cancellation
 H - 3 potions of haste
 J - a potion of might
 L - 2 potions of heal wounds
 N - a potion of mutation
Miscellaneous
 u - a condenser vane (inert)
 O - a phial of floods


   Skills:
 + Level 13.0 Fighting
 + Level 11.3 Short Blades
 + Level 11.3 Long Blades
 + Level 11.3 Axes
 + Level 11.3 Maces & Flails
 + Level 13.0 Polearms
 + Level 11.3 Staves
 + Level 11.3 Ranged Weapons
 + Level 11.3 Throwing
 + Level 12.2 Armour
 + Level 12.2 Dodging
 + Level 11.3 Stealth
 + Level 13.8 Shields
 + Level 11.3 Unarmed Combat
 + Level 11.3 Spellcasting
 + Level 9.5 Conjurations
 + Level 9.5 Hexes
 + Level 9.5 Summonings
 + Level 9.5 Necromancy
 + Level 9.5 Translocations
 + Level 9.5 Fire Magic
 + Level 9.5 Ice Magic
 + Level 9.5 Air Magic
 + Level 9.5 Earth Magic
 + Level 9.5 Alchemy
 + Level 12.3 Invocations
 + Level 11.3 Evocations
 + Level 10.4 Shapeshifting


You had 37 spell levels left.
You didn't know any spells.
Your spell library was empty.

Dungeon Overview and Level Annotations

Branches:
Dungeon (15/15)            Temple (0/1) D:5            Lair (5/5) D:9
 Shoals (1/4) Lair:3       Spider (0/4) Lair:3        Slime (0/5) Lair:4
    Orc (2/2) D:11            Elf (0/3) Orc:2        Vaults (0/5) D:14
 Depths (0/4) D:15          IceCv (visited)

Altars:
Dithmenos
Elyvilon
Fedhas
Gozag
Hepliaklqana
Kikubaaqudgha
Makhleb
Nemelex Xobeh
Qazlal
Ru
Sif Muna
Trog
Uskayaw
Vehumet
Wu Jian
Xom
Zin
The Shining One
Beogh

Shops:
D:1 [   D:6 *   Orc:2 =:*?*

Annotations:
D:4 1 runed translucent door
Lair:1 1 runed translucent door, Nyexeo's ghost, journeyman VSEn
Shoals:1 1 runed translucent door, hikkokomori's ghost, adept CoHu


Innate Abilities, Weirdness & Mutations

You have very sharp teeth.
Your uncanny sense of smell can sniff out nearby items.
Your experience applies equally to all skills.


Message History

Aim: a snapping turtle (moderately wounded, about 12% to evade the +11 spear of Pain and Death)
You reach to attack!
You hit the snapping turtle but do no damage.
The snapping turtle is moderately wounded.
You block the harpy's attack. x2
Unknown command.
Reach: a) +11 spear {freeze, rF- rC++ Str+2 Int+8}
Press: ? - help, Dir - move target, f/p - snapping turtle
Aim: a snapping turtle (moderately wounded, about 12% to evade the +11 spear of Pain and Death)
You reach to attack!
You hit the snapping turtle.
The snapping turtle seems to slow down.
You freeze the snapping turtle.
The snapping turtle is moderately wounded.
You block the harpy's attack. The harpy closely misses you.
Reach: a) +11 spear {freeze, rF- rC++ Str+2 Int+8}
Press: ? - help, Dir - move target, f/p - snapping turtle
Aim: a snapping turtle (moderately wounded, slow, about 12% to evade the +11 spear of Pain and Death)
You reach to attack!
You puncture the snapping turtle! You freeze the snapping turtle.
The snapping turtle is heavily wounded.
The harpy closely misses you. The harpy claws you.
* * * LOW HITPOINT WARNING * * *
The merfolk hits you but does no damage.
Reach: a) +11 spear {freeze, rF- rC++ Str+2 Int+8}
Press: ? - help, Dir - move target, f/p - snapping turtle
Aim: a snapping turtle (heavily wounded, slow, about 12% to evade the +11 spear of Pain and Death)
You reach to attack!
You barely miss the snapping turtle.
The snapping turtle is heavily wounded.
You block the harpy's attack. x2
Unknown command.
Reach: a) +11 spear {freeze, rF- rC++ Str+2 Int+8}
Press: ? - help, Dir - move target, f/p - snapping turtle
Aim: a snapping turtle (heavily wounded, slow, about 12% to evade the +11 spear of Pain and Death)
You reach to attack!
You hit the snapping turtle.
The snapping turtle seems to slow down.
You freeze the snapping turtle.
The snapping turtle is heavily wounded.
The harpy claws you.
* * * LOW HITPOINT WARNING * * *
You block the harpy's attack. You block the snapping turtle's attack.
The merfolk hits you from afar with a +0 trident!
You die...

≈≈~~?.. .......
≈≈≈~~~~...........
≈≈≈~~~~...
..........~~~
≈≈~~~~~...
..........~~~
≈≈≈~~~~~..
..........~~~
≈~~~~~~~..
..........~~~
~~~~~~.~.###....##
#..~~
~~~~~....Hm~~....##
#..~
≈≈~~~~.#.@.tH).....#
#...
≈≈~~~~~....###.....#
#.< ≈≈≈≈~~~~~~.##
#$.### #..
≈≈≈≈~~~~...# .## #>.
≈≈≈≈≈~~~..## #
######## ≈≈≈≈~~~~..#
##...##?$
≈≈≈~~~....#
#.....#.≈
≈≈≈~~...(.# ###
#.....#.≈
≈≈≈~~....## #.##
##..~.#.≈


You could see a snapping turtle (slow), a merfolk and 2 harpies.

Vanquished Creatures
  The ghost of jejorda2 the Warrior, a journeyman GnBe of Trog (Lair:5)
  Nessos (Orc:2)
  A dire elephant (Lair:5)
  Snorg (Lair:5)
  An entropy weaver (shapeshifter) (D:13)
  An ice dragon (D:14)
  3 hydras
  2 ogre magi
  3 catoblepae (Lair:5)
  2 boulder beetles
  A merfolk aquamancer (Shoals:1)
  4 centaur warriors
  12 two-headed ogres
  2 orc high priests (Orc:1)
  A tengu warrior (D:15)
  10 death yaks
  5 skeletal warriors
  The ghost of ezpacito the Chopper, a novice CoCK of Xom (D:6)
  A pharaoh ant (Lair:3)
  2 bog bodies (IceCv)
  A swamp dragon (D:15)
  A harpy (Shoals:1)
  An orc knight (Orc:1)
  An obsidian bat (Orc:2)
  A phantasmal warrior (D:14)
  5 orc sorcerers
  2 will-o-the-wisps (D:15)
  15 ugly things
  3 deep elf pyromancers
  6 cyclopes
  3 meliai (D:14)
  8 elephants
  6 manticores
  4 black mambas
  A salamander (D:15)
  2 moths of wrath (Lair:5)
  2 merfolk sirens (Lair:3)
  2 water nymphs
  An ice statue (IceCv)
  2 kobold blastminers (Orc:2)
  2 torpor snails
  A gargoyle (D:11)
  An unseen horror (D:12)
  13 cane toads
  Jeremiah (D:6)
  5 yaktaurs (D:15)
  A freezing wraith (IceCv)
  10 komodo dragons
  3 anaconda simulacra (IceCv)
  2 efreet
  2 ice devils (D:12)
  2 tengu conjurers (D:15)
  4 rime drakes
  A queen bee (D:11)
  A wind drake (Shoals:1)
  10 trolls
  2 merfolk (Lair:3)
  31 blink frogs
  A tarantella (Lair:3)
  A snapping turtle (shapeshifter) (D:15)
  20 dream sheep
  5 slime creatures
  3 water elementals (Shoals:1)
  3 wraiths
  A centaur simulacrum (D:14)
  54 yaks
  4 wyverns
  A basilisk (Lair:3)
  2 wargs (Orc:2)
  A steam dragon (D:8)
  11 vampire mosquitoes
  Menkaure (D:6)
  2 death yak simulacra (IceCv)
  Edmund (D:4)
  The ghost of Fractals the Conjurer, an amateur DECj of Sif Muna (D:4)
  A hydra simulacrum (IceCv)
  3 acid dragons
  11 water moccasins
  18 orc warriors
  A black bear (shapeshifter) (D:14)
  2 ice beasts
  4 black bears
  2 laughing skulls (D:13)
  4 ogres
  A sky beast (D:7)
  13 centaurs
  17 wolves
  14 bullfrogs
  3 kobold brigands
  2 gnoll sergeants
  2 two-headed ogre simulacra (IceCv)
  6 scorpions
  5 wights (D:6)
  2 cane toad simulacra (IceCv)
  39 killer bees
  3 elephant simulacra (IceCv)
  5 howler monkeys
  3 bombardier beetles
  A gnoll bouda (D:7)
  21 orc priests
  Crazy Yiuf (D:7)
  2 hounds
  4 jellies
  Jessica (D:3)
  2 iguanas
  A sleepcap (D:6)
  A polar bear simulacrum (IceCv)
  37 orc wizards
  12 spriggan simulacra (IceCv)
  6 troll simulacra (IceCv)
  A wolf simulacrum (IceCv)
  11 gnolls
  5 naga simulacra (IceCv)
  9 adders
  A shadow imp (D:5)
  2 white imps (IceCv)
  6 ufetubi
  2 dart slugs
  4 ribbon worms
  75 orcs
  6 ball pythons
  11 endoplasms
  6 giant cockroaches
  7 goblins
  5 hobgoblins
  5 jackals
  5 quokkas
  7 bats
  2 frilled lizards (D:2)
  19 kobolds
  7 rats
772 creatures vanquished.

Vanquished Creatures (collateral kills)
  A skeletal warrior (D:12)
  A basilisk (Lair:5)
  An orc wizard (Orc:2)
3 creatures vanquished.

Vanquished Creatures (others)
  An arcanist (D:4)
  10 foxfires (D:15)
11 creatures vanquished.

Grand Total: 786 creatures vanquished

Notes
Turn   | Place    | Note
-------+----------+-------------------------------------------
     0 | D:1      | jejorda2 the Gnoll Berserker began the quest for the Orb.
     0 | D:1      | Reached XP level 1. HP: 23/23 MP: 1/1
   129 | D:1      | Reached XP level 2. HP: 24/29 MP: 2/2
   381 | D:1      | Reached XP level 3. HP: 35/35 MP: 3/3
   431 | D:1      | Found Hiuhoyce's Armour Emporium.
   749 | D:2      | Reached ** piety under Trog
   811 | D:2      | Reached skill level 1 in Invocations
   844 | D:2      | Reached skill level 1 in Short Blades
   844 | D:2      | Reached skill level 1 in Long Blades
   844 | D:2      | Reached skill level 1 in Axes
   844 | D:2      | Reached skill level 1 in Maces & Flails
   844 | D:2      | Reached skill level 1 in Staves
   844 | D:2      | Reached skill level 1 in Ranged Weapons
   844 | D:2      | Reached skill level 1 in Throwing
   844 | D:2      | Reached skill level 1 in Stealth
   844 | D:2      | Reached skill level 1 in Shields
   844 | D:2      | Reached skill level 1 in Unarmed Combat
   844 | D:2      | Reached skill level 1 in Spellcasting
   844 | D:2      | Reached skill level 1 in Evocations
  1047 | D:2      | Reached skill level 1 in Shapeshifting
  1047 | D:2      | Reached XP level 4. HP: 38/41 MP: 5/5
  1382 | D:3      | Reached skill level 1 in Conjurations
  1382 | D:3      | Reached skill level 1 in Hexes
  1382 | D:3      | Reached skill level 1 in Summonings
  1382 | D:3      | Reached skill level 1 in Necromancy
  1382 | D:3      | Reached skill level 1 in Translocations
  1382 | D:3      | Reached skill level 1 in Fire Magic
  1382 | D:3      | Reached skill level 1 in Ice Magic
  1382 | D:3      | Reached skill level 1 in Air Magic
  1382 | D:3      | Reached skill level 1 in Earth Magic
  1382 | D:3      | Reached skill level 1 in Alchemy
  1484 | D:3      | Found a sacrificial altar of Ru.
  1572 | D:3      | Reached *** piety under Trog
  1606 | D:3      | Noticed Jessica
  1610 | D:3      | Killed Jessica
  1636 | D:3      | Reached XP level 5. HP: 47/47 MP: 7/7
  2460 | D:4      | Noticed Edmund
  2875 | D:4      | Reached XP level 6. HP: 43/53 MP: 8/8
  3016 | D:4      | Killed Edmund
  3017 | D:4      | Reached skill level 5 in Armour
  3017 | D:4      | Reached skill level 5 in Dodging
  3238 | D:4      | Found a runed translucent door.
  3241 | D:4      | Noticed Fractals's ghost (amateur DECj)
  3373 | D:4      | Found a bloodstained altar of Trog.
  3374 | D:4      | Noticed a wizard
  3379 | D:4      | Killed a wizard
  3407 | D:4      | Found a runed translucent door.
  3438 | D:4      | Reached XP level 7. HP: 51/60 MP: 10/10
  3461 | D:4      | Killed Fractals's ghost
  3543 | D:5      | Entered Level 5 of the Dungeon
  3688 | D:5      | Found a staircase to the Ecumenical Temple.
  3796 | D:5      | Reached **** piety under Trog
  3881 | D:5      | Reached XP level 8. HP: 67/67 MP: 12/12
  3936 | D:5      | Found a sparkling altar of Nemelex Xobeh.
  4158 | D:1      | Bought a +3 chain mail of poison resistance for 235 gold
                  | pieces
  4599 | D:6      | Found a blossoming altar of Fedhas.
  4766 | D:6      | Found a runed translucent gate.
  4767 | D:6      | Found a runed translucent gate.
  4767 | D:6      | Noticed ezpacito's ghost (novice CoCK)
  4769 | D:6      | Found a runed translucent gate.
  4809 | D:6      | Reached XP level 9. HP: 61/73 MP: 14/14
  4847 | D:6      | Killed ezpacito's ghost
  4912 | D:6      | Reached skill level 5 in Invocations
  4919 | D:6      | Identified the +11 spear of Pain and Death {freeze, rF-
                  | rC++ Str+2 Int+8}
  5017 | D:6      | Found Gozag's Platinum Reserve.
  5111 | D:6      | Noticed Menkaure
  5118 | D:6      | Killed Menkaure
  5167 | D:6      | Found an ornate altar of the Wu Jian Council.
  5203 | D:6      | Found an opulent altar of Gozag.
  5270 | D:6      | Noticed Jeremiah
  5289 | D:6      | Killed Jeremiah
  5614 | D:7      | Found a hide-covered altar of Uskayaw.
  5615 | D:7      | Found a glowing silver altar of Zin.
  5619 | D:7      | Reached skill level 5 in Short Blades
  5619 | D:7      | Reached skill level 5 in Long Blades
  5619 | D:7      | Reached skill level 5 in Axes
  5619 | D:7      | Reached skill level 5 in Maces & Flails
  5619 | D:7      | Reached skill level 5 in Staves
  5619 | D:7      | Reached skill level 5 in Ranged Weapons
  5619 | D:7      | Reached skill level 5 in Throwing
  5619 | D:7      | Reached skill level 5 in Stealth
  5619 | D:7      | Reached skill level 5 in Shields
  5619 | D:7      | Reached skill level 5 in Unarmed Combat
  5619 | D:7      | Reached skill level 5 in Spellcasting
  5619 | D:7      | Reached skill level 5 in Evocations
  5619 | D:7      | Reached XP level 10. HP: 81/81 MP: 17/17
  5630 | D:7      | Found a white marble altar of Elyvilon.
  5637 | D:7      | Found an ancient bone altar of Kikubaaqudgha.
  5642 | D:7      | Found a radiant altar of Vehumet.
  5650 | D:7      | Found a hazy altar of Hepliaklqana.
  5655 | D:7      | Found a glowing golden altar of the Shining One.
  6209 | D:7      | Found a runed translucent door.
  6209 | D:7      | Noticed Crazy Yiuf
  6217 | D:7      | Killed Crazy Yiuf
  6498 | D:8      | Noticed a centaur warrior
  6512 | D:8      | Killed a centaur warrior
  6513 | D:8      | Reached skill level 5 in Shapeshifting
  7201 | D:8      | Noticed a red ugly thing
  7210 | D:8      | Killed a red ugly thing
  7324 | D:8      | Noticed a cyclops
  7335 | D:8      | Killed a cyclops
  7336 | D:8      | Reached skill level 5 in Conjurations
  7336 | D:8      | Reached skill level 5 in Hexes
  7336 | D:8      | Reached skill level 5 in Summonings
  7336 | D:8      | Reached skill level 5 in Necromancy
  7336 | D:8      | Reached skill level 5 in Translocations
  7336 | D:8      | Reached skill level 5 in Fire Magic
  7336 | D:8      | Reached skill level 5 in Ice Magic
  7336 | D:8      | Reached skill level 5 in Air Magic
  7336 | D:8      | Reached skill level 5 in Earth Magic
  7336 | D:8      | Reached skill level 5 in Alchemy
  7460 | D:8      | Identified the +0 helmet "Poirghuc" {-Tele Int+2 Dex+8}
  7733 | D:9      | Reached XP level 11. HP: 89/89 MP: 20/20
  7741 | D:9      | Found a shimmering blue altar of Sif Muna.
  8204 | D:9      | Reached ***** piety under Trog
  8292 | D:9      | Found a staircase to the Lair.
  8682 | D:10     | Entered Level 10 of the Dungeon
  8684 | D:10     | Found a shadowy altar of Dithmenos.
  9197 | D:10     | Found a burning altar of Makhleb.
  9403 | D:11     | Received a gift from Trog
  9480 | D:11     | Noticed a centaur warrior
  9489 | D:11     | Killed a centaur warrior
  9547 | D:11     | You fall into a shaft and drop 3 floors!
  9764 | D:14     | Noticed a cyclops
  9887 | D:12     | Noticed a deep elf pyromancer
  9899 | D:12     | Killed a deep elf pyromancer
  9900 | D:12     | Reached XP level 12. HP: 69/97 MP: 22/22
 10100 | D:12     | Found a frozen archway.
 10112 | D:12     | Reached skill level 10 in Fighting
 10112 | D:12     | Reached skill level 10 in Polearms
 10226 | IceCv    | Entered an ice cave
 11586 | D:12     | Received a gift from Trog
 11682 | D:12     | Identified a scroll of acquirement
 11682 | D:12     | Acquired a manual of Shields
 12453 | D:11     | Reached XP level 13. HP: 99/104 MP: 25/25
 12523 | D:11     | Identified the +3 mace "Gnoll's Bane" {freeze, rF+ rCorr
                  | Int+3}
 13131 | D:11     | Found a staircase to the Orcish Mines.
 13456 | D:13     | Noticed an entropy weaver
 13476 | D:13     | Killed an entropy weaver
 13953 | Lair:1   | Entered Level 1 of the Lair of Beasts
 13961 | Lair:1   | Received a gift from Trog
 14211 | Lair:1   | Found a runed translucent door.
 14211 | Lair:1   | Found a shimmering altar of Xom.
 14211 | Lair:1   | Noticed Nyexeo's ghost (journeyman VSEn)
 14318 | Lair:1   | Reached skill level 10 in Armour
 14318 | Lair:1   | Reached skill level 10 in Dodging
 14746 | Lair:1   | Acquired 450 gold pieces
 15064 | Lair:2   | Reached skill level 10 in Shields
 15513 | Lair:2   | Identified the +9 executioner's axe of Luero {antimagic,
                  | rF+ Str+5} (Trog gifted it to you on level 2 of the Lair of
                  | Beasts)
 15513 | Lair:2   | Received a gift from Trog
 15834 | Lair:2   | Reached XP level 14. HP: 113/113 MP: 27/27
 16199 | Lair:3   | Reached skill level 10 in Invocations
 16445 | Lair:3   | Found a hole to the Spider Nest.
 16846 | Lair:3   | Found a staircase to the Shoals.
 17042 | Lair:3   | Identified the +4 plate armour of Compassion {rElec rCorr}
 18087 | Lair:4   | Found a staircase to the Slime Pits.
 19005 | Lair:5   | Entered Level 5 of the Lair of Beasts
 19134 | Lair:5   | Noticed a dire elephant
 19145 | Lair:5   | Killed a dire elephant
 19151 | Lair:5   | Found a transporter.
 19418 | Lair:5   | Noticed jejorda2's ghost (journeyman GnBe)
 19430 | Lair:5   | Found a transporter.
 19456 | Lair:5   | Identified the +10 great mace "Kuq Qud" {antimagic, rC+
                  | Str+3} (Trog gifted it to you on level 5 of the Lair of
                  | Beasts)
 19456 | Lair:5   | Received a gift from Trog
 19626 | Lair:5   | Reached skill level 10 in Short Blades
 19626 | Lair:5   | Reached skill level 10 in Long Blades
 19626 | Lair:5   | Reached skill level 10 in Axes
 19626 | Lair:5   | Reached skill level 10 in Maces & Flails
 19626 | Lair:5   | Reached skill level 10 in Staves
 19626 | Lair:5   | Reached skill level 10 in Ranged Weapons
 19626 | Lair:5   | Reached skill level 10 in Throwing
 19626 | Lair:5   | Reached skill level 10 in Stealth
 19626 | Lair:5   | Reached skill level 10 in Unarmed Combat
 19626 | Lair:5   | Reached skill level 10 in Spellcasting
 19626 | Lair:5   | Reached skill level 10 in Evocations
 19873 | Lair:5   | Reached XP level 15. HP: 120/120 MP: 29/29
 20300 | Lair:5   | Noticed Snorg
 20314 | Lair:5   | Killed Snorg
 20914 | Lair:5   | Killed jejorda2's ghost
 20943 | Lair:5   | Identified the +0 cloak of the Sun {Rampage +Inv rF- rC+++
                  | Int+2}
 21325 | D:14     | Found a radiant altar of Vehumet.
 21978 | D:14     | Found a gate to the Vaults.
 22232 | D:15     | Entered Level 15 of the Dungeon
 22521 | D:15     | Found a staircase to the Depths.
 22545 | D:15     | Reached skill level 10 in Shapeshifting
 22722 | D:15     | Reached XP level 16. HP: 119/129 MP: 30/30
 22831 | D:15     | Identified the +3 leather armour of Pantheism {rC- Regen+
                  | Int+2 SInv}
 23311 | D:15     | Reached ****** piety under Trog
 23646 | D:15     | Found a stormy altar of Qazlal.
 23841 | Orc:1    | Entered Level 1 of the Orcish Mines
 23995 | Orc:1    | Found a roughly hewn altar of Beogh.
 24131 | Orc:2    | Entered Level 2 of the Orcish Mines
 24142 | Orc:2    | Received a gift from Trog
 24800 | Orc:2    | Found Homixui's Overcharged Wands.
 24905 | Orc:2    | Noticed Nessos
 24915 | Orc:2    | Found a staircase to the Elven Halls.
 24923 | Orc:2    | Killed Nessos
 25174 | Orc:2    | Found Wedghi's Jewellery Shoppe.
 25174 | Orc:2    | Found Ankaluicw's General Store.
 25175 | Orc:2    | Found Liaruta's Magic Scroll Emporium.
 25180 | Orc:2    | Found Renkusk's Book Shoppe.
 25184 | Orc:2    | Bought a phial of floods for 680 gold pieces
 25652 | Orc:1    | Found a bloodstained altar of Trog.
 25798 | Orc:2    | Bought a ring of flight for 210 gold pieces
 25978 | Shoals:1 | Entered Level 1 of the Shoals
 25989 | Shoals:1 | Found a runed translucent door.
 25989 | Shoals:1 | Noticed hikkokomori's ghost (adept CoHu)
 26091 | Shoals:1 | Received a gift from Trog
 26120 | Shoals:1 | Slain by a merfolk

Illustrated notes

Levels and vault maps discovered:
D:1:      wander_arrival_lonely_grave, layout_basic, serial_shops, shop,
          grunt_decor_one_mirror
D:2:      layout_rooms
D:3:      layout_loops_corners, nicolae_ru_path_of_blood, grunt_ministairs_4,
          uniq_jessica
D:4:      layout_cave_pods, trog_wizard, ebering_ghost_sewer_f, uniq_edmund
D:5:      layout_rooms, marbit_many_paths, minmay_temple_entry_waves,
          dreamdust_princess_bridge
D:6:      layout_basic, nicolae_gozag_zags_fifth_avenue, fedhas_altar_3,
          pdpol_wu_jian_five_deadly_venoms, gammafunk_ghost_split,
          uniq_jeremiah, uniq_menkaure
D:7:      layout_loops_ring, grunt_temple_overflow_octagram,
          minmay_tree_intersection, uniq_crazy_yiuf_cottage
D:8:      minmay_tri_box, layout_basic, minivault_1
D:9:      layout_gridville, mainiacjoe_overflow_tiny_flanked,
          grunt_lair_entry_orc_guard_hut
D:10:     layout_basic, nicolae_dithmenos_through_a_glass_darkly,
          kennysheep_little_box, blue_anna_alchemist, grunt_decor_mini_mirrors
D:11:     kennysheep_six_static_rooms, layout_loops_ring, orc_0_dummy,
          minivault_7
D:12:     layout_irregular_city, portal_ice_cave_demonic_guard
D:13:     layout_basic
D:14:     layout_rooms, david_vaults_4, nicolae_vehumet_radiance
D:15:     hangedman_depths_entry_try_elsewhere_first, layout_irregular_city,
          nicolae_qazlal_eye_of_the_storm, pond
Lair:1:   layout_chaotic_city, ebering_ghost_xom
Lair:2:   layout_cave_shapes
Lair:3:   layout_cave_pods, elwin_shoals_entry_stream,
          nicolae_spider_entry_lesser_pyramids, grunt_megastairs_5
Lair:4:   beast_lair_carwin_large_3, layout_hall_layers, slime_entry_1,
          minmay_hedge_maze, lemuel_fruit_tree
Lair:5:   evilmike_catoblepas_cave, layout_hall_layers,
          gammafunk_ghost_berserking_beasts, uniq_snorg
Shoals:1: layout_shoals, ebering_ghost_reflecting_pool,
          nicolae_shoals_sun_and_surf, uniq_jorgrun
Orc:1:    layout_caves, basic_altar, mines1_david
Orc:2:    st_orc_mages, layout_caves, nicolae_shop_overcharged_wands,
          uniq_nessos

Skill      XL: |  1  2  3  4  5  6  7  8  9 10 11 12 13 14 15 16 |
---------------+-------------------------------------------------+-----
Invocations    | 1 2 3 4 5 6 7 8 9 10 11 12 | 12.3
Short Blades   | 1 2 3 5 6 7 8 9 10 11 | 11.3
Long Blades    | 1 2 3 5 6 7 8 9 10 11 | 11.3
Axes           | 1 2 3 5 6 7 8 9 10 11 | 11.3
Maces & Flails | 1 2 3 5 6 7 8 9 10 11 | 11.3
Staves         | 1 2 3 5 6 7 8 9 10 11 | 11.3
Ranged Weapons | 1 2 3 5 6 7 8 9 10 11 | 11.3
Throwing       | 1 2 3 5 6 7 8 9 10 11 | 11.3
Stealth        | 1 2 3 5 6 7 8 9 10 11 | 11.3
Shields        | 1 2 3 5 6 7 8 10 11 13 | 13.8
Unarmed Combat | 1 2 3 5 6 7 8 9 10 11 | 11.3
Spellcasting   | 1 2 3 5 6 7 8 9 10 11 | 11.3
Evocations     | 1 2 3 5 6 7 8 9 10 11 | 11.3
Shapeshifting  | 1 2 3 4 5 6 7 8 9 10 | 10.4
Conjurations   | 1 2 3 4 5 6 7 8 9 |  9.5
Hexes          | 1 2 3 4 5 6 7 8 9 |  9.5
Summonings     | 1 2 3 4 5 6 7 8 9 |  9.5
Necromancy     | 1 2 3 4 5 6 7 8 9 |  9.5
Translocations | 1 2 3 4 5 6 7 8 9 |  9.5
Fire Magic     | 1 2 3 4 5 6 7 8 9 |  9.5
Ice Magic      | 1 2 3 4 5 6 7 8 9 |  9.5
Air Magic      | 1 2 3 4 5 6 7 8 9 |  9.5
Earth Magic    | 1 2 3 4 5 6 7 8 9 |  9.5
Alchemy        | 1 2 3 4 5 6 7 8 9 |  9.5
Armour         | 5 6 7 8 9 10 11 12 | 12.2
Dodging        | 5 6 7 8 9 10 11 12 | 12.2
Fighting       | 7 8 9 10 11 12 13 | 13.0
Polearms       | 7 8 9 10 11 12 13 | 13.0

Action                     |  1- 3 |  4- 6 |  7- 9 | 10-12 | 13-15 | 16-18 || total
---------------------------+-------+-------+-------+-------+-------+-------++-------
  Melee: Spear             |   129 |   198 |    59 |   786 |  1301 |   378 ||  2851
         Bite              |    12 |    22 |    23 |    84 |   185 |    40 ||   366
         Dire flail        |       |    21 |   131 |       |       |       ||   152
         Trident           |       |       |    73 |    15 |     6 |    38 ||   132
  Throw: Dart              |       |     8 |     9 |     9 |    62 |     1 ||    89
         Boomerang         |       |       |       |    30 |       |    12 ||    42
 Invoke: Berserk           |       |     2 |     4 |    12 |    16 |     4 ||    38
         Trog's Hand       |       |       |     1 |     7 |     5 |     3 ||    16
         Brothers in Arms  |       |       |       |     1 |     1 |     1 ||     3
  Evoke: Wand              |       |       |     1 |     3 |       |     1 ||     5
         Condenser vane    |       |       |       |       |     1 |     1 ||     2
    Use: Scroll            |       |       |    10 |     9 |     8 |       ||    27
         Potion            |       |       |       |     3 |       |     1 ||     4
   Stab: Distracted        |       |       |       |     2 |     3 |     1 ||     6
         Sleeping          |       |       |       |     1 |     3 |     1 ||     5
         Petrified         |       |       |       |       |     9 |       ||     9
         Petrifying        |       |       |       |       |     1 |       ||     1
         Paralysed         |       |       |       |       |       |     2 ||     2
 Armour: Animal skin       |    17 |       |       |       |       |       ||    17
         Ring mail         |    30 |     6 |       |       |       |       ||    36
         Scale mail        |       |    42 |       |       |       |       ||    42
         Chain mail        |       |    52 |   185 |   338 |   430 |   211 ||  1216
         Skin              |       |       |       |    13 |       |       ||    13
  Dodge: Dodged            |    49 |    56 |   114 |   204 |   300 |   170 ||   893
  Block: Buckler           |       |       |    17 |    41 |       |       ||    58
         Kite shield       |       |       |       |   220 |   510 |   257 ||   987

Table legend: (Time is in decaauts)
 A = Elapsed time spent in this place.
 B = Non-inter-level travel time spent in this place.
 C = Inter-level travel time spent in this place.
 D = Time resting spent in this place.
 E = Time spent auto-exploring this place.
 F = Levels seen in this place.
 G = Mean time per level.
                   A        B        C        D        E       F      G
               +--------+--------+--------+--------+--------+-----+--------+
         Total |  25500 |  23580 |   1920 |   2125 |  16639 |  24 | 1062.5 |
       Dungeon |  15348 |  14285 |   1063 |   1163 |  10238 |  15 | 1023.2 |
          Lair |   6959 |   6283 |    676 |    488 |   4623 |   5 | 1391.8 |
        Shoals |    120 |    120 |      0 |      3 |     41 |   1 |  120.0 |
  Orcish Mines |   1850 |   1670 |    180 |      8 |   1287 |   2 |  925.0 |
      Ice Cave |   1221 |   1221 |      0 |    462 |    449 |   1 | 1221.0 |
               +--------+--------+--------+--------+--------+-----+--------+

Top non-repeatable levels by time:
  Lair:5: 1729 daAuts
  Lair:3: 1515 daAuts
     D:8: 1480 daAuts
  Lair:4: 1360 daAuts
    D:14: 1259 daAuts
     D:4: 1246 daAuts
   IceCv: 1221 daAuts
  Lair:2: 1205 daAuts
    D:12: 1189 daAuts
    D:11: 1161 daAuts
  Lair:1: 1148 daAuts
    D:15: 1120 daAuts
    D:13: 1115 daAuts
     D:9: 1074 daAuts
     D:3: 1063 daAuts
